 Dungeon Crawl Stone Soup version 0.26-a0-667-g92642533e4 (webtiles) character file.

Game seed: 14742006862019257362

3180 somkeydreadnuts the Fighter (level 10, -13/86 HPs)
             Began as a Formicid Fighter on Oct 17, 2020.
             Was an Initiate of Dithmenos.
             Mangled by a troll (18 damage)
             ... on level 11 of the Dungeon.
             The game lasted 00:32:01 (9417 turns).

somkeydreadnuts the Fighter (Formicid Fighter)      Turns: 9417, Time: 00:32:02

Health: -13/86     AC: 21    Str: 25    XL:     10   Next: 16%
Magic:  10/10      EV:  7    Int:  2    God:    Dithmenos [......]
Gold:   1070       SH: 18    Dex: 16    Spells: 9/9 levels left

rFire    + . .     SeeInvis +   a - +0 war axe
rCold    . . .     Faith    .   G - +0 tower shield
rNeg     . . .     Spirit   .   y - +8 chain mail "Medank" {+Fly rF+ Int-5}
rPois    .         Reflect  .   (helmet unavailable)
rElec    .         Harm     .   x - +0 cloak
rCorr    .         Rampage  .   (no gloves)
MR       +....                  l - +0 pair of boots
Stlth    ..........             k - amulet of magic regeneration
HPRegen  0.24/turn              h - +6 ring of dexterity
MPRegen  0.37/turn              (no ring)

@: no status effects
A: permanent stasis, dig shafts and tunnels, four strong arms, antennae 3
a: Dig, Shaft Self, Renounce Religion, Evoke Flight


You were on level 11 of the Dungeon.
You worshipped Dithmenos.
Dithmenos was noncommittal.
You visited 2 branches of the dungeon, and saw 12 of its levels.

You collected 1244 gold pieces.
You spent 90 gold pieces at shops.
You paid 84 gold pieces to Gozag.

Inventory:

Hand Weapons
 a - a +0 war axe (weapon)
 s - a +0 long sword
Missiles
 f - 188 arrows
 q - 67 bolts
Armour
 c - a +0 kite shield
 l - a +0 pair of boots (worn)
 v - a +0 scale mail
 x - a +0 cloak (worn)
 y - the +8 chain mail "Medank" (worn) {+Fly rF+ Int-5}
   (You took it off a gnoll on level 4 of the Dungeon)

   It affects your intelligence (-5).
   It protects you from fire.
   It lets you fly.
 G - a +0 tower shield (worn)
 N - a +4 ring mail
Jewellery
 e - an uncursed amulet of guardian spirit {unknown}
 h - a +6 ring of dexterity (left hand)
 k - an amulet of magic regeneration (around neck)
 J - a +6 ring of dexterity
Wands
 u - a wand of polymorph (9)
 D - a wand of random effects (4)
 F - a wand of enslavement (3)
 O - a wand of paralysis (5)
Scrolls
 b - a scroll of amnesia {unknown}
 i - 6 scrolls of remove curse
 j - 4 scrolls of identify
 p - a scroll of random uselessness {unknown}
 t - a scroll of immolation {unknown}
 w - 2 scrolls of fog {unknown}
 z - a scroll of enchant weapon {unknown}
 A - a scroll of noise {unknown}
 B - a scroll of enchant armour {unknown}
 K - 2 scrolls of magic mapping {unknown}
Potions
 d - 3 potions of might
 g - 3 potions of haste {unknown}
 m - 4 potions of curing {unknown}
 n - a potion of ambrosia {unknown}
 o - a potion of brilliance {unknown}
 r - 5 potions of heal wounds {unknown}
 C - 6 potions of degeneration {unknown}
 E - 3 potions of flight {unknown}
 H - a potion of cancellation {unknown}
 I - 2 potions of berserk rage {unknown}
 L - a potion of lignification {unknown}
 M - a potion of invisibility {unknown}


   Skills:
 * Level 10.7 Fighting
 - Level 2.6 Axes
 - Level 7.0 Armour
 - Level 0.3 Dodging
 - Level 10.0 Shields
 - Level 0.1 Evocations


You had 9 spell levels left.
You didn't know any spells.
Your spell library was empty.

Dungeon Overview and Level Annotations

Branches:
Dungeon (11/15)            Temple (1/1) D:7            Lair (0/6) D:9
    Orc: D:9-12

Altars:
Ashenzari
Cheibriados
Dithmenos
Elyvilon
Fedhas
Gozag
Hepliaklqana
Kikubaaqudgha
Makhleb
Nemelex Xobeh
Okawaru
Qazlal
Ru
Sif Muna
Trog
Uskayaw
Vehumet
Wu Jian
Xom
Yredelemnul
Zin
The Shining One

Shops:
D:5 *   D:6 *}*}:   D:8 ?}   D:9 !


Innate Abilities, Weirdness & Mutations

You cannot be hasted, slowed, berserked, paralysed or teleported.
You can dig through walls and to a lower floor.
Your four strong arms can wield two-handed weapons with a shield.
You have a pair of large antennae on your head. (SInv)


Message History

You block the troll's attack. The troll claws you.
* * * LOW HITPOINT WARNING * * *
You block the troll's attack.
There is a stone staircase leading down here.
You block the troll's attack. The troll claws you.
* * * LOW HITPOINT WARNING * * *
The troll claws you.
* * * LOW HITPOINT WARNING * * *
You block the troll's attack. x2; The troll completely misses you.
You climb downwards.
Found an escape hatch in the ceiling.
There is a stone staircase leading up here.
You closely miss the troll. You slash the troll! You block the troll's attack.
The troll closely misses you. You block the troll's attack. x2
The troll barely misses you. The troll claws you but does no damage.
You block the troll's attack. The troll claws you but does no damage.
The troll closely misses you.
You closely miss the troll. You hit the troll but do no damage.
The troll bites you!!
You die...

#.#####
#....@#
###.TT..<#
#........#
#..........
{#........##.#
{#........# #
#...#####.
#... .#


You could see 2 trolls.

Vanquished Creatures
  A shadow (D:9)
  A water moccasin (D:7)
  An orc warrior (D:7)
  2 sky beasts
  2 ice beasts
  An ogre (D:7)
  A black bear (D:6)
  2 phantoms
  4 centaurs
  A necrophage (D:8)
  A gnoll sergeant (D:7)
  5 bullfrogs
  3 scorpions
  4 wights (D:9)
  A centaur zombie (D:8)
  A quasit (D:8)
  An orc priest (D:7)
  2 hounds
  3 jellies
  10 orc wizards
  Ijyb (D:5)
  3 iguanas
  2 worker ants
  A howler monkey zombie (D:10)
  A worker ant zombie (D:6)
  3 gnolls (D:4)
  A howler monkey skeleton (D:5)
  16 adders
  A shadow imp (D:6)
  2 white imps
  2 worms
  A dart slug (D:3)
  5 leopard geckos
  16 orcs
  6 bats
  6 giant cockroaches
  7 goblins
  6 hobgoblins
  14 jackals
  3 quokkas
  2 ball pythons
  8 frilled lizards
  A jackal zombie (D:5)
  A kobold (D:3)
  A leopard gecko skeleton (D:6)
  A quokka skeleton (D:6)
  5 rats
163 creatures vanquished.

Vanquished Creatures (others)
  An orc wizard (D:3)
  8 plants
9 creatures vanquished.

Grand Total: 172 creatures vanquished

Notes
Turn   | Place    | Note
-------+----------+-------------------------------------------
     0 | D:1      | somkeydreadnuts the Formicid Fighter began the quest for
                  | the Orb.
     0 | D:1      | Reached XP level 1. HP: 18/18 MP: 1/1
   214 | D:1      | Reached XP level 2. HP: 13/24 MP: 2/2
   735 | D:2      | Found a sacrificial altar of Ru.
   746 | D:2      | Reached XP level 3. HP: 24/30 MP: 3/3
   965 | D:2      | Found a faded altar of an unknown god.
  1212 | D:2      | Reached XP level 4. HP: 18/37 MP: 4/4
  1820 | D:3      | You fall into a shaft and drop 3 floors!
  1823 | D:6      | Noticed a centaur
  1832 | D:6      | Killed a centaur
  1832 | D:6      | Reached skill level 5 in Shields
  1832 | D:6      | Reached XP level 5. HP: 16/42 MP: 5/5
  2102 | D:6      | Noticed a black bear
  2112 | D:6      | Killed a black bear
  2112 | D:6      | Reached XP level 6. HP: 42/48 MP: 6/6
  2151 | D:6      | Found Dochis's Assorted Antiques.
  2166 | D:5      | Entered Level 5 of the Dungeon
  2178 | D:5      | Found Hion Tis's Assorted Antiques.
  2253 | D:4      | Got a pair of pitted boots
  2273 | D:4      | Identified the +1 pair of boots of a bailey {rF- Str-3
                  | Int+7} (You found it on level 4 of the Dungeon)
  2419 | D:3      | Found an opulent altar of Gozag.
  2447 | D:3      | Became a worshipper of Gozag Ym Sagoz the Greedy
  2770 | D:3      | Found a glowing silver altar of Zin.
  2774 | D:3      | Found a stormy altar of Qazlal.
  2775 | D:3      | Found a shimmering altar of Xom.
  2777 | D:3      | Found an ornate altar of the Wu Jian Council.
  2852 | D:3      | Reached skill level 5 in Armour
  3068 | D:4      | Reached XP level 7. HP: 21/53 MP: 7/7
  3480 | D:4      | Found a radiant altar of Vehumet.
  4249 | D:4      | Identified the +8 chain mail "Medank" {+Fly rF+ Int-5}
  4327 | D:4      | Found a white marble altar of Elyvilon.
  4713 | D:5      | Reached XP level 8. HP: 60/60 MP: 8/8
  4843 | D:5      | Noticed Ijyb
  4868 | D:5      | Killed Ijyb
  5419 | D:6      | Bought a tower shield for 90 gold pieces
  5492 | D:6      | Found Binlaej's General Store.
  5499 | D:6      | Found Rieclu Ituuts's Gadget Emporium.
  5581 | D:6      | Found Igycetti's Book Emporium.
  5612 | D:6      | Found Dorits's Gadget Boutique.
  6137 | D:7      | Reached skill level 10 in Shields
  6181 | D:7      | Found a sparkling altar of Nemelex Xobeh.
  6233 | D:7      | Found a staircase to the Ecumenical Temple.
  6248 | D:7      | Reached XP level 9. HP: 63/66 MP: 9/9
  6268 | D:7      | Reached skill level 5 in Fighting
  6313 | Temple   | Entered the Ecumenical Temple
  6537 | D:7      | Found a broken altar of Ashenzari.
  6968 | D:7      | Found a glowing golden altar of the Shining One.
  7352 | D:8      | Found Bagekur's Gadget Emporium.
  7426 | D:8      | Found a sacrificial altar of Ru.
  7552 | D:8      | Found Bonakhla's Magic Scroll Emporium.
  7873 | Temple   | Fell from the grace of Gozag
  7873 | Temple   | Became a worshipper of Dithmenos the Shadowed
  8121 | D:9      | Found a burning altar of Makhleb.
  8182 | D:9      | Found a staircase to the Lair.
  8368 | D:9      | Reached XP level 10. HP: 45/85 MP: 10/10
  8393 | D:9      | Found a flagged portal.
  8731 | D:9      | Reached skill level 10 in Fighting
  8967 | D:9      | Found a hazy altar of Hepliaklqana.
  8984 | D:9      | Found Quligiuj's Distillery.
  9385 | D:10     | Entered Level 10 of the Dungeon
  9414 | D:10     | HP: 4/86 [troll (6)]
  9417 | D:11     | Mangled by a troll

Illustrated notes

Levels and vault maps discovered:
D:1:      minmay_arrival_stair_chambers, layout_rooms, chequers_mini_garden
D:2:      layout_rooms, chequers_ecumenical_altar_lobes, dk_noncrumbling_3,
          wad_floor_pattern_untrapped, minmay_misc_feat_five,
          hangedman_ru_absence
D:3:      layout_loops_ring, minitemple, nicolae_gozag_seed_capital
D:4:      layout_basic, lemuel_coloured_pillars_altar, elyvilon_altar_5
D:5:      layout_loops_ring, serial_shops, shop, guppyfry_early_lair_pool,
          uniq_ijyb
D:6:      layout_basic, serial_shops, nicolae_shop_overgrown_old_shop,
          shop_statue, shop_statue, shop, shop
D:7:      layout_basic, tso_altar, nicolae_ashenzari_panopticon,
          nemelex_altar_shiori, minmay_temple_entry_sparse_star,
          grunt_tough_drop
D:8:      layout_rooms, serial_shops, shop, shop, basic_altar
D:9:      layout_long_grid, kennysheep_mini, bloody_makhleb, lair_entry_dummy,
          enter_bailey_2, serial_shops, shop
D:10:     layout_irregular_city, orc_0_dummy
D:11:     layout_basic, uniq_grum
Temple:   kb_temple_of_zot

Skill      XL: |  1  2  3  4  5  6  7  8  9 10 |
---------------+-------------------------------+-----
Shields        | 4 5 6 8 10 | 10.0
Armour         | 4 5 6 7 |  7.0
Fighting       | 4 9 10 | 10.7
Axes           | |  2.6
Dodging        | |  0.3
Evocations     | |  0.1

Action                   |  1- 3 |  4- 6 |  7- 9 | 10-12 || total
-------------------------+-------+-------+-------+-------++-------
Melee: War axe           |    97 |   129 |   469 |    64 ||   759
 Abil: Evoke Flight      |       |       |     1 |       ||     1
  Use: Scroll            |       |       |     1 |     2 ||     3
Armor: Scale mail        |    54 |    48 |    19 |       ||   121
       Chain mail        |       |       |   158 |    38 ||   196
Dodge: Dodged            |    59 |    48 |   122 |    16 ||   245
Block: Kite shield       |    83 |    87 |   137 |       ||   307
       Tower shield      |       |       |   285 |    70 ||   355

Table legend: (Time is in decaauts)
 A = Elapsed time spent in this place.
 B = Non-inter-level travel time spent in this place.
 C = Inter-level travel time spent in this place.
 D = Time resting spent in this place.
 E = Time spent auto-exploring this place.
 F = Levels seen in this place.
 G = Mean time per level.
                   A        B        C        D        E       F      G
               +--------+--------+--------+--------+--------+-----+--------+
         Total |   9739 |   9639 |    100 |      0 |   5582 |  12 |  811.6 |
       Dungeon |   9523 |   9423 |    100 |      0 |   5542 |  11 |  865.7 |
        Temple |    216 |    216 |      0 |      0 |     40 |   1 |  216.0 |
               +--------+--------+--------+--------+--------+-----+--------+

Top non-repeatable levels by time:
     D:4: 1690 daAuts
     D:9: 1344 daAuts
     D:7: 1161 daAuts
     D:6: 1096 daAuts
     D:2: 982 daAuts
     D:5: 916 daAuts
     D:3: 869 daAuts
     D:8: 714 daAuts
     D:1: 713 daAuts
  Temple: 216 daAuts
    D:10: 32 daAuts
    D:11: 2 daAuts
